 Dungeon Crawl Stone Soup version 0.25-a0-589-g1e14c549ee (webtiles) character file.

Game seed: 7249609597625286954, levelgen mode: deterministic

3843 Emblim88 the Blocker (level 10, -13/80 HPs)
             Began as a Gnoll Fighter on Mar 13, 2020.
             Was an Initiate of Gozag.
             Splashed by Maurice's acid (14 damage)
             ... on level 8 of the Dungeon.
             The game lasted 00:12:30 (5989 turns).

Emblim88 the Blocker (Gnoll Fighter)                Turns: 5989, Time: 00:12:32

Health: -13/80     AC:  8    Str: 31    XL:     10   Next: 18%
Magic:  17/17      EV:  9    Int: 10    God:    Gozag
Gold:   1006       SH: 12    Dex: 14    Spells: 18/18 levels left

rFire    . . .     SeeInvis .   k - +2 trident "Fimat" {pain, rF+} (curse)
rCold    . . .     Gourm    .   c - +0 kite shield
rNeg     + . .     Faith    .   D - +1 plate armour of Byvutz {rPois rF- rN+ Str+10} (curse)
rPois    +         Spirit   .   (no helmet)
rElec    .         Reflect  .   d - +0 cloak
rCorr    .         Harm     .   v - +0 pair of gloves (curse)
MR       +....     Clarity  +   (no boots)
Stlth    ..........             o - amulet of magic regeneration
HPRegen  0.23/turn              l - ring of wizardry
MPRegen  0.40/turn              q - ring of protection from magic

@: corroded
A: distributed training, fangs 1, slimy green scales 2, clarity, clumsy 1,
strong nose
a: Potion Petition, Call Merchant, Bribe Branch, Renounce Religion


You were on level 8 of the Dungeon.
You worshipped Gozag.
Gozag was most pleased with you.
You were not hungry.

You visited 1 branch of the dungeon, and saw 8 of its levels.

You collected 1214 gold pieces.
You spent 195 gold pieces at shops.
You paid 13 gold pieces to Gozag.

Inventory:

Hand Weapons
 a - a +0 long sword
 k - the cursed +2 trident "Fimat" (weapon) {pain, rF+}
   (You found it on level 4 of the Dungeon)

   In the hands of one skilled in necromantic magic, it inflicts extra damage on
   living creatures.
   It protects you from fire.
   It has a curse placed upon it.
Missiles
 e - 6 javelins (quivered)
 m - a throwing net
 t - 26 poisoned darts
 y - 8 boomerangs
Armour
 b - a +0 scale mail
 c - a +0 kite shield (worn)
 d - a +0 cloak (worn)
 p - the +2 leather armour of Words of Power {+Inv rN++ Regen+}
   (You found it on level 4 of the Dungeon)

   It greatly protects you from negative energy.
   It lets you turn invisible.
   It increases your rate of regeneration.
 v - a cursed +0 pair of gloves (worn)
 D - the cursed +1 plate armour of Byvutz (worn) {rPois rF- rN+ Str+10}
   (You found it on level 6 of the Dungeon)

   It affects your strength (+10).
   It makes you vulnerable to fire.
   It protects you from poison.
   It protects you from negative energy.
   It has a curse placed upon it.
Jewellery
 l - a ring of wizardry (left hand)
 o - an amulet of magic regeneration (around neck)
 q - a ring of protection from magic (right hand)
Scrolls
 h - 6 scrolls of teleportation
 n - 2 scrolls of fog {unknown}
 r - a scroll of magic mapping {unknown}
 s - 3 scrolls of amnesia
 w - 6 scrolls of identify
 x - 3 scrolls of immolation
 z - 2 scrolls of remove curse
 A - 2 scrolls of enchant armour {unknown}
 B - a scroll of noise {unknown}
 E - a scroll of blinking
 F - a scroll of enchant weapon {unknown}
Potions
 g - a potion of brilliance
 i - 2 potions of flight
 j - 2 potions of lignification
 C - a potion of might
 G - a potion of curing
Comestibles
 f - 9 rations


   Skills:
 + Level 8.3 Fighting
 + Level 4.9 Short Blades
 + Level 6.8 Long Blades
 + Level 4.9 Axes
 + Level 4.9 Maces & Flails
 + Level 4.9 Polearms
 + Level 4.9 Staves
 + Level 4.9 Slings
 + Level 4.9 Bows
 + Level 4.9 Crossbows
 + Level 4.9 Throwing
 + Level 8.3 Armour
 + Level 4.9 Dodging
 + Level 4.9 Stealth
 + Level 8.3 Shields
 + Level 4.9 Unarmed Combat
 + Level 4.9 Spellcasting
 + Level 4.1 Conjurations
 + Level 4.1 Hexes
 + Level 4.1 Charms
 + Level 4.1 Summonings
 + Level 4.1 Necromancy
 + Level 4.1 Translocations
 + Level 4.1 Transmutations
 + Level 4.1 Fire Magic
 + Level 4.1 Ice Magic
 + Level 4.1 Air Magic
 + Level 4.1 Earth Magic
 + Level 4.1 Poison Magic
 + Level 5.4 Invocations
 + Level 4.9 Evocations


You had 18 spell levels left.
You didn't know any spells.
Your spell library contained the following spells:

 Spells                   Type           Power        Failure   Level  Hunger
 Magic Dart               Conj           ##..         28%         1    #......
 Blink                    Tloc           N/A          41%         2    ##.....
 Call Imp                 Summ           ##......     41%         2    ##.....
 Slow                     Hex            ##......     41%         2    ##.....
 Confusing Touch          Hex            ##......     63%         3    ###....
 Conjure Flame            Conj/Fire      ##......     63%         3    ###....
 Gell's Gravitas          Tloc           ##........   63%         3    ###....
 Mephitic Cloud           Conj/Pois/Air  ##......     63%         3    ###....
 Petrify                  Tmut/Erth      ##......     95%         4    #####..
 Metabolic Englaciation   Hex/Ice        ##........   100%        5    ######.
 Yara's Violent Unravell  Hex/Tmut       ##........   100%        5    ######.


Dungeon Overview and Level Annotations

Branches:
Dungeon (8/15)             Temple (0/1) D:6
   Lair: D:8-11

Altars:
Ashenzari
Dithmenos
Elyvilon
Gozag
Hepliaklqana
Makhleb
Nemelex Xobeh
Okawaru
Ru
Sif Muna
Uskayaw
Zin
The Shining One

Shops:
D:5 [

Annotations:
D:6 1 runed translucent door, zx48k's ghost, novice CeGl
D:8 Maurice


Innate Abilities, Weirdness & Mutations

Your experience applies equally to all skills.
You have very sharp teeth.
Your uncanny sense of smell can sniff out nearby items.
You are mostly covered in slimy green scales. (AC +3)
You possess an exceptional clarity of mind.
You are clumsy. (Dex -2)


Message History

No target in view!
No target in view!
No target in view!
You puncture something! Your bite misses something.
Something hits you but does no damage.
You miss something. You bite something. Something hits you.
Something steals your uncursed staff of air!
You closely miss something.
You hear a zap.
A bolt of acid appears from out of thin air!
The bolt of acid hits you!!
You are splashed with acid!
* * * LOW HITPOINT WARNING * * *
You closely miss something.
You hear some strange, mumbled words.
You hear a zap.
A bolt of acid appears from out of thin air!
The bolt of acid hits you!
* * * LOW HITPOINT WARNING * * *
The acid corrodes you!
You are splashed with acid!
You die...
Your body crumbles into a pile of gold.

#.......### #.......#.##
#.......#..### ###............#
#### ..#.......##...# ##...
#.#.......###..###########
##.... #.#.......#
#............# #.....
#...#####.# ##[.#..[.....#
#...<. ###.#
##.#####.@ยง..[....###.....
#.####.......###.{(.((((.(.....
##...##>......###.......###)))..
##.....#.................#
#.....
#..............###.......#
#.(... #.........>....#
#.......# ##....
#.......<...#.##
#.......###.....
##[......#>.#.##
#####.......#### ##......##
.#..#### ###....###


There were no monsters in sight!

Vanquished Creatures
  Harold (D:8)
  Pikel (D:3)
  Joseph (D:8)
  A gargoyle (D:8)
  Sigmund (D:4)
  A spriggan (D:8)
  A slave (D:4)
  2 ogres
  A necrophage (D:6)
  3 centaurs
  A big kobold (D:8)
  3 scorpions
  3 howler monkeys
  A bullfrog zombie (D:5)
  A bullfrog skeleton (D:6)
  2 jellies
  An orc priest (D:4)
  3 centaur skeletons
  6 orc wizards
  Jessica (D:3)
  An iguana (D:4)
  7 worker ants
  A hound zombie (D:7)
  A hound skeleton (D:8)
  Robin (D:2)
  A worker ant zombie (D:7)
  13 adders
  3 gnolls (D:7)
  An adder skeleton (D:4)
  A worm (D:4)
  3 leopard geckos
  18 orcs
  2 ball pythons
  7 giant cockroaches
  14 goblins
  5 hobgoblins
  4 jackals (D:1)
  10 kobolds
  2 quokkas (D:5)
  5 bats
  3 frilled lizards
  8 rats
146 creatures vanquished.

Vanquished Creatures (others)
  A hound (D:4)
  An iguana (D:4)
  A ball python (D:4)
  A frilled lizard (D:4)
  2 withered plants (D:6)
6 creatures vanquished.

Grand Total: 152 creatures vanquished

Notes
Turn   | Place    | Note
-------+----------+-------------------------------------------
     0 | D:1      | Emblim88 the Gnoll Fighter began the quest for the Orb.
     0 | D:1      | Reached XP level 1. HP: 23/23 MP: 1/1
    94 | D:1      | Reached XP level 2. HP: 27/29 MP: 2/2
   550 | D:2      | Found an opulent altar of Gozag.
   606 | D:2      | Reached XP level 3. HP: 34/35 MP: 3/3
   626 | D:2      | Became a worshipper of Gozag Ym Sagoz the Greedy
   839 | D:2      | Reached skill level 1 in Invocations
   846 | D:2      | Noticed Robin
   861 | D:2      | Killed Robin
   861 | D:2      | Reached skill level 1 in Short Blades
   861 | D:2      | Reached skill level 1 in Axes
   861 | D:2      | Reached skill level 1 in Maces & Flails
   861 | D:2      | Reached skill level 1 in Polearms
   861 | D:2      | Reached skill level 1 in Staves
   861 | D:2      | Reached skill level 1 in Slings
   861 | D:2      | Reached skill level 1 in Bows
   861 | D:2      | Reached skill level 1 in Crossbows
   861 | D:2      | Reached skill level 1 in Throwing
   861 | D:2      | Reached skill level 1 in Dodging
   861 | D:2      | Reached skill level 1 in Stealth
   861 | D:2      | Reached skill level 1 in Unarmed Combat
   861 | D:2      | Reached skill level 1 in Spellcasting
   861 | D:2      | Reached skill level 1 in Evocations
   861 | D:2      | Reached XP level 4. HP: 27/41 MP: 5/5
  1176 | D:3      | Noticed Jessica
  1180 | D:3      | Killed Jessica
  1185 | D:3      | Reached skill level 1 in Conjurations
  1185 | D:3      | Reached skill level 1 in Hexes
  1185 | D:3      | Reached skill level 1 in Charms
  1185 | D:3      | Reached skill level 1 in Summonings
  1185 | D:3      | Reached skill level 1 in Necromancy
  1185 | D:3      | Reached skill level 1 in Translocations
  1185 | D:3      | Reached skill level 1 in Transmutations
  1185 | D:3      | Reached skill level 1 in Fire Magic
  1185 | D:3      | Reached skill level 1 in Ice Magic
  1185 | D:3      | Reached skill level 1 in Air Magic
  1185 | D:3      | Reached skill level 1 in Earth Magic
  1185 | D:3      | Reached skill level 1 in Poison Magic
  1240 | D:3      | Found a glowing golden altar of the Shining One.
  1240 | D:3      | Found a glowing silver altar of Zin.
  1241 | D:3      | Found a white marble altar of Elyvilon.
  1421 | D:3      | Reached XP level 5. HP: 37/47 MP: 5/7
  1476 | D:3      | Noticed a centaur
  1489 | D:3      | Killed a centaur
  1489 | D:3      | Reached XP level 6. HP: 32/53 MP: 8/8
  1729 | D:3      | Found a shattered altar of Ashenzari.
  1729 | D:3      | Found a shadowy altar of Dithmenos.
  1818 | D:3      | Found a sparkling altar of Nemelex Xobeh.
  1906 | D:3      | Found a sacrificial altar of Ru.
  1921 | D:4      | Found a hide-covered altar of Uskayaw.
  1921 | D:4      | Noticed a slave
  1921 | D:4      | Noticed a slave
  1921 | D:4      | Noticed a slave
  1965 | D:4      | Killed a slave
  1968 | D:4      | Noticed Pikel
  2011 | D:3      | Killed Pikel
  2011 | D:3      | Reached skill level 5 in Long Blades
  2011 | D:3      | Reached XP level 7. HP: 17/60 MP: 8/10
  2336 | D:4      | Got a crude trident
  2337 | D:4      | Identified the cursed +2 trident "Fimat" {pain, rF+} (You
                  | found it on level 4 of the Dungeon)
  2405 | D:4      | Reached XP level 8. HP: 32/67 MP: 12/12
  2803 | D:4      | Found a white marble altar of Elyvilon.
  2818 | D:4      | Noticed Sigmund
  2841 | D:4      | Killed Sigmund
  2846 | D:4      | Got a jewelled leather armour
  2859 | D:4      | Identified the +2 leather armour of Words of Power {+Inv
                  | rN++ Regen+} (You found it on level 4 of the Dungeon)
  3060 | D:5      | Entered Level 5 of the Dungeon
  3084 | D:5      | Found Xaisuibe's Antique Armour Boutique.
  3091 | D:5      | Bought a pair of runed gloves for 195 gold pieces
  3234 | D:5      | Found a shimmering blue altar of Sif Muna.
  4056 | D:6      | Reached XP level 9. HP: 69/72 MP: 14/14
  4110 | D:6      | Got a dazzling plate armour
  4125 | D:6      | Identified the cursed +1 plate armour of Byvutz {rPois rF-
                  | rN+ Str+10} (You found it on level 6 of the Dungeon)
  4180 | D:6      | Found a staircase to the Ecumenical Temple.
  4210 | D:6      | Found a runed translucent door.
  4210 | D:6      | Noticed zx48k's ghost (novice CeGl)
  4347 | D:6      | Found a hazy altar of Hepliaklqana.
  4523 | D:6      | Found a burning altar of Makhleb.
  5249 | D:8      | Noticed a gargoyle
  5256 | D:8      | Killed a gargoyle
  5259 | D:8      | Noticed Harold
  5280 | D:8      | HP: 4/111 [Harold/+0 glaive (10)]
  5282 | D:8      | Gained mutation: You are partially covered in slimy green
                  | scales. (AC +2) [potion of mutation]
  5282 | D:8      | Gained mutation: You are clumsy. (Dex -2) [potion of
                  | mutation]
  5282 | D:8      | Gained mutation: You possess an exceptional clarity of
                  | mind. [potion of mutation]
  5282 | D:8      | Gained mutation: You are mostly covered in slimy green
                  | scales. (AC +3) [potion of mutation]
  5289 | D:8      | Killed Harold
  5289 | D:8      | Reached skill level 5 in Invocations
  5625 | D:8      | Found an iron altar of Okawaru.
  5683 | D:8      | Reached XP level 10. HP: 80/80 MP: 17/17
  5734 | D:8      | Noticed Joseph
  5748 | D:8      | Killed Joseph
  5859 | D:8      | Noticed Maurice
  5989 | D:8      | HP: 1/80 [something/bolt of acid (16)]
  5989 | D:8      | Splashed by Maurice's acid

Levels and vault maps discovered:
D:1:      dpeg_arrival_ratfight, layout_basic
D:2:      layout_loops_cross, grunt_gozag_statues, uniq_robin
D:3:      layout_basic, good_gods_temple_1, lemuel_coloured_pillars_altar,
          nicolae_ru_path_of_blood, gammafunk_temple_overflow_wave, uniq_jessica
D:4:      layout_rooms, lemuel_round_altar, first_ration, serial_glass,
          glass_columns_a, glass_columns_a, glass_columns_a, glass_columns_b,
          elyvilon_altar_3, uniq_pikel, uniq_sigmund
D:5:      layout_basic, led_sif_pool, serial_shops,
          nicolae_shop_overgrown_old_shop, portal_sewer_entry_d
D:6:      layout_basic, kennysheep_mini_moat, lemuel_doored_altar,
          minmay_temple_entry_glass, gammafunk_ghost_grave
D:7:      layout_gridville
D:8:      layout_rooms, okawaru_trees_1, grunt_pizzeria, uniq_joseph,
          uniq_maurice, uniq_harold

Skill      XL: |  1  2  3  4  5  6  7  8  9 10 |
---------------+-------------------------------+-----
Invocations    | 1 2 3 4 5 |  5.4
Short Blades   | 1 2 3 4 |  4.9
Axes           | 1 2 3 4 |  4.9
Maces & Flails | 1 2 3 4 |  4.9
Polearms       | 1 2 3 4 |  4.9
Staves         | 1 2 3 4 |  4.9
Slings         | 1 2 3 4 |  4.9
Bows           | 1 2 3 4 |  4.9
Crossbows      | 1 2 3 4 |  4.9
Throwing       | 1 2 3 4 |  4.9
Dodging        | 1 2 3 4 |  4.9
Stealth        | 1 2 3 4 |  4.9
Unarmed Combat | 1 2 3 4 |  4.9
Spellcasting   | 1 2 3 4 |  4.9
Evocations     | 1 2 3 4 |  4.9
Conjurations   | 1 2 3 4 |  4.1
Hexes          | 1 2 3 4 |  4.1
Charms         | 1 2 3 4 |  4.1
Summonings     | 1 2 3 4 |  4.1
Necromancy     | 1 2 3 4 |  4.1
Translocations | 1 2 3 4 |  4.1
Transmutations | 1 2 3 4 |  4.1
Fire Magic     | 1 2 3 4 |  4.1
Ice Magic      | 1 2 3 4 |  4.1
Air Magic      | 1 2 3 4 |  4.1
Earth Magic    | 1 2 3 4 |  4.1
Poison Magic   | 1 2 3 4 |  4.1
Fighting       | 7 8 |  8.3
Long Blades    | 5 6 |  6.8
Armour         | 7 8 |  8.3
Shields        | 7 8 |  8.3

Action                   |  1- 3 |  4- 6 |  7- 9 | 10-12 || total
-------------------------+-------+-------+-------+-------++-------
Melee: Long sword        |    70 |   108 |    22 |       ||   200
       Bite              |     8 |    15 |    54 |     7 ||    84
       Staff             |    22 |       |       |       ||    22
       Trident           |       |       |   322 |    47 ||   369
Throw: Javelin           |       |     2 |       |       ||     2
  Use: Potion            |     2 |     1 |     7 |       ||    10
       Scroll            |       |     6 |     1 |       ||     7
 Stab: Sleeping          |       |       |     2 |       ||     2
       Distracted        |       |       |     1 |       ||     1
  Eat: Ration            |       |     1 |     4 |       ||     5
Armor: Scale mail        |    41 |    28 |    20 |       ||    89
       Leather armour    |       |       |    32 |       ||    32
       Plate armour      |       |       |    25 |    14 ||    39
       Skin              |       |       |     5 |       ||     5
Dodge: Dodged            |    44 |    34 |   108 |    16 ||   202
Block: Kite shield       |    63 |    57 |   173 |    37 ||   330
       Rpst.: Long sword |    13 |    10 |     4 |       ||    27

Table legend:
 A = Non-vault XP
 B = Vault XP
 C = Vault XP percentage of total XP
 D = Non-vault monster count
 E = Vault monster count
 F = Vault count percentage of total count
                 A         B        C        D         E       F
            +---------+---------+-------+---------+---------+-------
      Total |    2837 |    2654 |  48.3 |     122 |      24 |  16.4
            +---------+---------+-------+---------+---------+-------
        D:1 |      28 |       5 |  15.2 |      16 |       5 |  23.8
        D:2 |      25 |      36 |  59.0 |       8 |      12 |  60.0
        D:3 |     211 |     688 |  76.5 |      15 |       2 |  11.8
        D:4 |     499 |     223 |  30.9 |      18 |       1 |   5.3
        D:5 |     353 |      13 |   3.6 |      23 |       1 |   4.2
        D:6 |     569 |       0 |   0.0 |      13 |       0 |   0.0
        D:7 |     418 |       0 |   0.0 |      15 |       0 |   0.0
        D:8 |     734 |    1689 |  69.7 |      14 |       3 |  17.6
            +---------+---------+-------+---------+---------+-------
